 Dungeon Crawl Stone Soup version 0.28-b1-25-g9875b3fc8c (webtiles) character file.

Game seed: 993680372246608005

59 pkoi the Bolt Thrower (level 3, 0/30 HPs)
             Began as a Minotaur Hunter on Feb 2, 2022.
             Succumbed to an adder's poison
             ... on level 2 of the Dungeon.
             The game lasted 00:01:15 (1438 turns).

pkoi the Bolt Thrower (Minotaur Hunter)             Turns: 1438, Time: 00:01:16

Health: 0/30       AC:  3    Str: 16    XL:     3   Next: 78%
Magic:  2/2        EV: 12    Int:  8    God:
Gold:   76         SH:  0    Dex: 12    Spells: 2/2 levels left

rFire   . . .      SeeInvis .   b - +0 short sword
rCold   . . .      Faith    .   (no shield)
rNeg    . . .      Spirit   .   c - +0 leather armour
rPois   .          Reflect  .   (helmet restricted)
rElec   .          Harm     .   (no cloak)
rCorr   .          Rampage  .   (no gloves)
Will    .....                   (no boots)
Stlth   +.........              (no amulet)
HPRegen 0.10/turn               (no ring)
MPRegen 0.08/turn               (no ring)

@: brilliant, lethally poisoned (0 -> -9), flying
A: horns 2, retaliatory headbutt
a: no special abilities


You were on level 2 of the Dungeon.
You visited 1 branch of the dungeon, and saw 2 of its levels.

You collected 76 gold pieces.

Inventory:

Hand Weapons
 a - a +1 hand crossbow
 b - a +0 short sword (weapon)
Missiles
 d - 38 bolts
Armour
 c - a +0 leather armour (worn)
Scrolls
 f - a scroll of fear {unknown}
 g - a scroll of teleportation {unknown}
 k - a scroll of identify {unknown}
 l - a scroll of vulnerability {unknown}
Potions
 h - 2 potions of brilliance
 i - a potion of mutation {unknown}
 j - a potion of haste {unknown}


   Skills:
 - Level 2.4 Fighting
 + Level 1.7 Short Blades
 + Level 5.3 Crossbows
 - Level 2.1 Dodging
 - Level 1.5 Stealth


You had 2 spell levels left.
You didn't know any spells.
Your spell library was empty.

Dungeon Overview and Level Annotations

Branches:
Dungeon (2/15)

Altars:
Fedhas

Shops:
D:2 *


Innate Abilities, Weirdness & Mutations

You have a pair of horns on your head.
You reflexively headbutt those who attack you in melee.


Message History

You miss the adder.
The adder is heavily wounded.
You feel sick. The adder completely misses you. The adder bites you.
You are more poisoned.
The adder poisons you!
You completely miss the adder.
The adder is heavily wounded.
You feel sick. The adder barely misses you.
You hit the adder.
The adder is almost dead.
You feel sick. The adder bites you.
You are more poisoned.
The adder poisons you!
You are too injured to fight recklessly!
You are too injured to fight recklessly!
You are too injured to fight recklessly!
You are too injured to fight recklessly!
You are too injured to fight recklessly!
You are too injured to fight recklessly!
You are too injured to fight recklessly!
An adder is nearby!
An adder is nearby!
You hit the adder but do no damage.
The adder is almost dead.
You feel sick. The adder closely misses you.
You closely miss the adder.
The adder is almost dead.
You feel sick. The adder bites you.
* * * LOW HITPOINT WARNING * * *
You are more poisoned.
The adder poisons you! The adder bites you.
* * * LOW HITPOINT WARNING * * *
It was a potion of brilliance.
You feel clever all of a sudden.
* * * LOW HITPOINT WARNING * * *
You feel sick. The adder barely misses you.
It was a potion of flight.
You feel very buoyant.
You fly up into the air.
You die...

####### #........
#........ # ###
##........ # #..
......... # #.#
#........ #
####.#####.._..######
#..S@................
#..###.###.....##..)#
#. ###.##.)....##.#.#
# ..............<...
#.#.##......######
#.......#.........
###.###.#.#######.
...# #.#..# #.
#########.##.# #.


You could see an adder.

Vanquished Creatures
  2 adders (D:2)
  2 worms (D:2)
  7 ball pythons
  7 bats
  3 goblins
  2 hobgoblins
  2 jackals (D:2)
  2 quokkas
  4 frilled lizards
  2 kobolds
  3 rats
36 creatures vanquished.

Notes
Turn   | Place    | Note
-------+----------+-------------------------------------------
     0 | D:1      | pkoi the Minotaur Hunter began the quest for the Orb.
     0 | D:1      | Reached XP level 1. HP: 18/18 MP: 0/0
    75 | D:1      | Found a faded altar of an unknown god.
   317 | D:1      | Reached XP level 2. HP: 25/25 MP: 1/1
   620 | D:2      | Reached skill level 1 in Stealth
   622 | D:2      | Reached skill level 5 in Crossbows
   690 | D:2      | Reached skill level 1 in Short Blades
   748 | D:2      | Reached XP level 3. HP: 30/30 MP: 2/2
   796 | D:2      | Found a blossoming altar of Fedhas.
  1157 | D:2      | Found Olor Zirgh's Assorted Antiques.
  1437 | D:2      | HP: 1/30 [poisoned by an adder]
  1438 | D:2      | Succumbed to an adder's poison

Illustrated notes

Levels and vault maps discovered:
D:1:      wander_arrival_desolate, layout_rooms,
          hellmonk_ecumenical_altar_inner_sanctum
D:2:      layout_basic, serial_shops, nicolae_shop_trees, basic_altar

Skill      XL: |  1  2 |
---------------+-------+-----
Stealth        | 1 |  1.5
Crossbows      | 5 |  5.3
Short Blades   | 1 |  1.7
Fighting       | |  2.4
Dodging        | |  2.1

Action                   || total
-------------------------++-------
Melee: Short sword       ||    90
       Headbutt          ||    12
 Fire: Hand crossbow     ||     3
  Use: Potion            ||     2
Armor: Leather armour    ||    26
Dodge: Dodged            ||    72
